 Dungeon Crawl Stone Soup version 0.22.1-2-g9c5b331383 (webtiles) character file.

36747 Ihlosi the Thaumaturge (level 14, -3/80 HPs)
             Began as a Kobold Ice Elementalist on Jan 5, 2019.
             Was a High Priest of Sif Muna.
             Slain by Rupert
             ... wielding a +2 triple sword of slicing
              (6 damage)
             ... on level 5 of the Lair of Beasts.
             The game lasted 01:47:12 (28096 turns).

Ihlosi the Thaumaturge (Kobold Ice Elementalist)   Turns: 28096, Time: 01:47:15

Health: -3/80      AC:  6    Str:  7    XL:     14   Next: 25%
Magic:  2/29       EV: 21    Int: 27    God:    Sif Muna [*****.]
Gold:   565        SH:  0    Dex: 16    Spells: 14/36 levels left

rFire    . . .     SeeInvis +   a - +4 dagger (freeze)
rCold    . . .     Gourm    .   (shield restricted)
rNeg     . . .     Faith    .   H - +0 leather armour {MR+}
rPois    .         Spirit   .   A - +0 mask of the Dragon {MR+ Slay+3 SInv}
rElec    .         Reflect  .   (no cloak)
rCorr    .         Harm     .   h - +1 pair of gloves
MR       +++..                  L - +0 pair of boots
Stlth    ++++......             v - amulet of the acrobat
HPRegen  0.23/turn              r - +4 ring of intelligence
MPRegen  0.21/turn              y - +4 ring of intelligence

@: no status effects
A: small, carnivore
a: Divine Energy, Channel Magic, Forget Spell, Renounce Religion


You were on level 5 of the Lair of Beasts.
You worshipped Sif Muna.
Sif Muna was extremely pleased with you.
You were full.

You visited 3 branches of the dungeon, and saw 18 of its levels.
You also visited: Ossuary and Bailey.

You collected 1192 gold pieces.
You spent 627 gold pieces at shops.

Inventory:

Hand Weapons
 a - a +4 dagger of freezing (weapon)
 b - a +7 quarterstaff of protection
 c - a +2 dagger of venom
 x - a +1 falchion of electrocution
 S - a +2 long sword of holy wrath
Missiles
 o - a throwing net (quivered)
 p - 7 needles of sleeping
 W - 7 curare-tipped needles
Armour
 f - the +4 chain mail "Ifrok" {rPois Str+5}
   (You found it on level 4 of the Lair of Beasts)

   It affects your strength (+5).
   It protects you from poison.
 h - a +1 pair of gloves (worn)
 m - a +0 buckler
 t - a +1 helmet of see invisible
 A - the +0 mask of the Dragon (worn) {MR+ Slay+3 SInv}
   (You bought it in a shop on level 5 of the Dungeon)

   It affects your accuracy and damage with ranged weapons and melee attacks
   (+3).
   It affects your resistance to hostile enchantments.
   It lets you see invisible.
 F - a +2 robe of cold resistance
 H - a +0 leather armour of magic resistance (worn)
 L - a +0 pair of boots (worn)
 Y - a +0 troll leather armour
Magical Staves
 K - an uncursed staff of cold
Jewellery
 r - a +4 ring of intelligence (left hand)
 v - an amulet of the acrobat (around neck)
 y - a +4 ring of intelligence (right hand)
 C - an uncursed ring of protection from fire
 I - an uncursed ring of resist corrosion
Wands
 w - a wand of clouds (4)
 B - a wand of polymorph (24)
 J - a wand of enslavement (4)
 N - a wand of digging (35)
Scrolls
 d - 6 scrolls of blinking
 i - 16 scrolls of remove curse
 j - 8 scrolls of teleportation
 k - 3 scrolls of magic mapping
 z - 6 scrolls of amnesia
 G - 5 scrolls of identify
 M - a scroll of immolation
 P - 4 scrolls of enchant armour
 Q - a scroll of enchant weapon
Potions
 e - 3 potions of invisibility
 g - 6 potions of might
 l - 4 potions of flight
 n - 10 potions of curing
 q - 7 potions of mutation
 s - a potion of lignification
 u - 2 potions of cancellation
 O - 2 potions of heal wounds
 R - 2 potions of haste
 T - a potion of berserk rage
 V - 3 potions of resistance
 X - 2 potions of agility
 Z - a potion of brilliance
Miscellaneous
 U - a fan of gales (inert)
Comestibles
 D - 35 rations


   Skills:
 - Level 6.0 Fighting
 - Level 6.0 Short Blades
 - Level 1.0 Staves
 - Level 1.0 Armour
 * Level 9.6 Dodging
 - Level 9.0 Stealth
 * Level 2.2 Shields
 + Level 11.6 Spellcasting
 + Level 11.5 Conjurations
 - Level 1.0 Summonings
 + Level 11.3 Ice Magic
 - Level 6.0 Evocations


You had 14 spell levels left.
You knew the following spells:

 Your Spells              Type           Power        Failure   Level  Hunger
a - Freeze                Ice            ####         1%          1    None
b - Magic Dart            Conj           ####         1%          1    None
c - Throw Icicle          Conj/Ice       ######..     1%          4    None
d - Blink                 Tloc           N/A          9%          2    None
e - Conjure Flame         Conj/Fire      #####...     1%          3    None
f - Mephitic Cloud        Conj/Pois/Air  #####...     3%          3    None
g - Summon Ice Beast      Ice/Summ       #####...     4%          4    None
h - Sticky Flame          Conj/Fire      #####...     4%          4    None

Your spell library contained the following spells:

 Spells                   Type           Power        Failure   Level  Hunger
 Shock                    Conj/Air       ####         1%          1    None
 Searing Ray              Conj           ######       1%          2    None
 Throw Frost              Conj/Ice       ######       1%          2    None
 Ozocubu's Armour         Chrm/Ice       #####...     1%          3    None
 Force Lance              Conj/Tloc      #####...     4%          4    None
 Animate Skeleton         Necr           N/A          5%          1    None
 Beastly Appendage        Tmut           ###...       5%          1    None
 Pain                     Necr           ###.         5%          1    None
 Call Imp                 Summ           ###.....     5%          2    None
 Ice Form                 Ice/Tmut       #####...     5%          4    None
 Slow                     Hex            ###.....     9%          2    None
 Recall                   Summ/Tloc      N/A          13%         3    None
 Fireball                 Conj/Fire      #####.....   14%         5    ###....
 Iskenderun's Battlesphe  Conj/Chrm      #####...     14%         5    ###....
 Venom Bolt               Conj/Pois      #####.....   14%         5    ###....
 Regeneration             Chrm/Necr      ###.......   16%         3    None
 Vampiric Draining        Necr           ###.......   16%         3    None
 Bolt of Magma            Conj/Fire/Erth #####.....   30%         5    ###....
 Orb of Destruction       Conj           ######....   36%         7    ######.
 Animate Dead             Necr           N/A          47%         4    None
 Conjure Ball Lightning   Conj/Air       #####.....   58%         6    #####..
 Iron Shot                Conj/Erth      #####.....   58%         6    #####..
 Aura of Abjuration       Summ           ###.......   67%         5    ###....
 Summon Demon             Summ           ###.......   67%         5    ###....
 Summon Forest            Summ/Tloc      ###.......   75%         5    ###....
 Summon Mana Viper        Hex/Summ       ###.....     75%         5    ###....
 Spellforged Servitor     Conj/Summ      #####.....   98%         7    ######.
 Shadow Creatures         Summ           N/A          99%         6    #####..
 Ring of Flames           Chrm/Fire      ###.......   100%        7    ######.
 Glaciate                 Conj/Ice       ######....   100%        9    #######


Dungeon Overview and Level Annotations

Branches:
Dungeon (12/15)            Temple (1/1) D:5            Lair (5/6) D:8
 Shoals (0/4) Lair:4       Spider (0/4) Lair:4          Orc (0/2) D:10
  Slime: Lair:5-6

Altars:
Ashenzari
Cheibriados
Dithmenos
Elyvilon
Fedhas
Gozag
Hepliaklqana
Kikubaaqudgha
Makhleb
Nemelex Xobeh
Okawaru
Qazlal
Ru
Sif Muna
Trog
Uskayaw
Vehumet
Wu Jian
Xom
Yredelemnul
Zin
The Shining One
Beogh

Shops:
D:5 [   D:6 !=   D:10 =**

Annotations:
D:9 2 runed doors
D:12 Frances
Lair:3 exclusion: 4 oklob plants
Lair:5 Rupert


Innate Abilities, Weirdness & Mutations

You are small and have problems with some larger weapons.
You are carnivorous and can eat meat at any time.


Message History

Rupert is engulfed in noxious fumes.
Rupert hits you with a triple sword of slicing!!!
Ouch! That really hurt!
Casting: Mephitic Cloud (safe; 3% risk of failure)
Confirm with . or Enter, or press ? or * to list all spells.
You miscast Blink.
Sif Muna protects you from the effects of your miscast!
Rupert is engulfed in noxious fumes.
Rupert appears confused.
Casting: Blink (safe; 9% risk of failure)
Confirm with . or Enter, or press ? or * to list all spells.
Aiming: Sticky Flame (safe; 4% risk of failure)
Press: ? - help, Shift-Dir - straight line, f - Rupert
Aim: Rupert, wielding a triple sword of slicing and wearing a dyed leather The sticky flame hits Rupert.
Rupert appears unharmed.
Rupert is heavily wounded.
Rupert is covered in liquid flames!
Rupert is no longer berserk.
Rupert burns!
Rupert is engulfed in noxious fumes.
Rupert hits you with a triple sword of slicing!!
* * * LOW HITPOINT WARNING * * *
You die...

.,.................PP....P.......
.,............#.....P....PPP.....
.,............#....P....#.P##..#.
.**....#...........##....########
.####.##................#####.P##
#...###.............#...+.....##.
..............#..§§P......#...###
......#.......P....§....#.....##.
......##........@§§§..........#P.
.....##P.........@.#P...P##..###.
.#...P#........##........#^......
##.#..#..........P......###...#P.
...#.##....................!.....
.................................
..............>..................
.................................
..............##.#..#............


You could see Rupert (confused).

Vanquished Creatures
  Harold (Lair:2)
  Fannar (Lair:5)
  A catoblepas (Lair:4)
  2 two-headed ogres
  Urug (Lair:2)
  A tengu warrior (D:12)
  A lindwurm (Lair:4)
  2 orc knights (Bailey)
  3 ugly things
  5 elephants
  2 black mambas
  7 spiny frogs
  5 komodo dragons
  2 rime drakes
  4 merfolk (Lair:4)
  3 trolls
  A hornet (D:11)
  A polar bear (Lair:3)
  11 blink frogs
  3 slime creatures (D:9)
  6 hippogriffs
  A shadow (D:12)
  A wyvern (Lair:4)
  3 spriggans (Lair:5)
  3 basilisks
  23 yaks
  2 hungry ghosts
  8 water moccasins
  8 porcupines
  3 orc warriors
  7 ice beasts
  A sky beast (D:10)
  3 black bears
  A phantom (D:10)
  3 ogres
  2 centaurs (D:6)
  10 crocodiles
  A big kobold (D:9)
  5 elf zombies (Ossuary)
  17 bullfrogs
  A water moccasin skeleton (D:7)
  6 scorpions
  12 killer bees
  3 wights
  A howler monkey (D:5)
  2 crimson imps
  4 human zombies (Ossuary)
  4 jellies
  2 quasits
  2 bullfrog zombies
  5 centaur zombies
  14 orc priests
  A bullfrog skeleton (D:10)
  3 hounds
  8 orc wizards
  3 iguanas
  15 worker ants
  A killer bee zombie (D:7)
  3 hound zombies
  A hound skeleton (D:7)
  3 mummies (Ossuary)
  A howler monkey zombie (D:5)
  4 gnolls (D:2)
  A worker ant zombie (D:6)
  9 adders
  3 shadow imps
  An ooze (D:2)
  3 worms
  2 adder skeletons (D:8)
  A dart slug (D:3)
  8 leopard geckos
  54 orcs
  9 giant cockroaches
  11 goblins
  6 hobgoblins
  7 jackals
  7 quokkas
  3 ball pythons
  6 bats
  4 frilled lizards
  A goblin zombie (D:5)
  12 kobolds
  A quokka zombie (D:5)
  2 rats
  A butterfly (Lair:4)
416 creatures vanquished.

Vanquished Creatures (collateral kills)
  2 orc knights (Bailey)
  2 blink frogs
  5 orc warriors (Bailey)
  A crocodile (Lair:4)
  3 killer bees (D:9)
  25 orcs (Bailey)
38 creatures vanquished.

Vanquished Creatures (others)
  2 orc warriors (Bailey)
  2 slaves (D:7)
  A quokka (D:7)
  7 fungi
  3 plants
15 creatures vanquished.

Grand Total: 469 creatures vanquished

Notes
Turn   | Place    | Note
-------+----------+-------------------------------------------
     0 | D:1      | Ihlosi the Kobold Ice Elementalist began the quest for the
                  | Orb.
     0 | D:1      | Reached XP level 1. HP: 10/10 MP: 3/3
   318 | D:1      | Reached XP level 2. HP: 14/15 MP: 1/5
   775 | D:1      | Reached XP level 3. HP: 20/20 MP: 4/6
  1700 | D:2      | Reached skill level 1 in Fighting
  1700 | D:2      | Reached XP level 4. HP: 15/25 MP: 4/8
  2487 | D:2      | Found a shattered altar of Ashenzari.
  2528 | D:2      | Reached skill level 1 in Short Blades
  2531 | D:2      | Reached XP level 5. HP: 29/29 MP: 6/9
  2692 | D:2      | Found a glowing silver altar of Zin.
  2692 | D:2      | Found an ancient bone altar of Kikubaaqudgha.
  2722 | D:2      | Reached skill level 1 in Armour
  3262 | D:2      | Learned a level 4 spell: Throw Icicle
  4454 | D:4      | Found a sacrificial altar of Ru.
  4870 | D:3      | Reached XP level 6. HP: 14/34 MP: 4/11
  5484 | D:5      | Entered Level 5 of the Dungeon
  5534 | D:5      | Found Vepumev's Armour Boutique.
  5575 | D:5      | Noticed an ice beast
  5580 | D:5      | Learned a level 1 spell: Magic Dart
  5583 | D:5      | Learned a level 2 spell: Blink
  5587 | D:5      | Learned a level 3 spell: Conjure Flame
  5647 | D:5      | Killed an ice beast
  5647 | D:5      | Reached XP level 7. HP: 26/40 MP: 13/13
  5671 | D:5      | Found a sand-covered staircase.
  5900 | Ossuary  | Entered an ossuary
  6414 | Ossuary  | Reached XP level 8. HP: 44/45 MP: 15/15
  6493 | Ossuary  | Reached skill level 5 in Short Blades
  6623 | Ossuary  | Reached skill level 5 in Stealth
  6623 | Ossuary  | Reached skill level 5 in Ice Magic
  6963 | D:5      | Reached skill level 5 in Spellcasting
  7520 | D:5      | Found a staircase to the Ecumenical Temple.
  7538 | Temple   | Entered the Ecumenical Temple
  7747 | Temple   | Became a worshipper of Sif Muna the Loreminder
  8067 | D:6      | Reached XP level 9. HP: 39/51 MP: 7/16
  8203 | D:6      | Found Jotanol's Jewellery Shop.
  8770 | D:6      | Found Onwoakk's Distillery.
  8777 | D:6      | Bought a potion of might for 56 gold pieces
  8777 | D:6      | Bought a potion of berserk rage for 70 gold pieces
  9015 | D:6      | Found a hazy altar of Hepliaklqana.
  9953 | D:7      | Reached * piety under Sif Muna
 10389 | D:7      | Noticed Pikel
 10574 | D:7      | Noticed Pikel
 10574 | D:7      | Pikel changed into Pikel the troll
 10600 | D:7      | Killed Pikel the troll
 10600 | D:7      | Reached XP level 10. HP: 57/57 MP: 4/20
 10752 | D:7      | Noticed Joseph
 10756 | D:7      | Noticed Joseph
 10756 | D:7      | Joseph changed into Joseph the basilisk
 10761 | D:7      | Killed Joseph the basilisk
 10907 | D:7      | Reached skill level 1 in Evocations
 11075 | D:8      | Found a flagged portal.
 11274 | Bailey   | Entered a bailey
 11283 | Bailey   | Learned a level 3 spell: Mephitic Cloud
 11288 | Bailey   | Learned a level 4 spell: Summon Ice Beast
 11299 | Bailey   | Reached ** piety under Sif Muna
 11509 | Bailey   | Reached *** piety under Sif Muna
 11509 | Bailey   | Reached **** piety under Sif Muna
 11509 | Bailey   | Reached XP level 11. HP: 62/62 MP: 21/24
 11527 | Bailey   | Noticed an orc knight
 11558 | Bailey   | Killed an orc knight
 11597 | Bailey   | Noticed an orc knight
 11653 | Bailey   | Noticed an orc knight
 11665 | Bailey   | Killed an orc knight
 11665 | Bailey   | Reached skill level 5 in Dodging
 11665 | Bailey   | Reached skill level 1 in Summonings
 11666 | Bailey   | Noticed an orc knight
 11674 | Bailey   | Killed an orc knight
 11911 | Bailey   | Identified a scroll of acquirement
 12193 | Bailey   | Killed an orc knight
 12193 | Bailey   | Reached skill level 5 in Fighting
 13577 | D:8      | Found a staircase to the Lair.
 13858 | D:9      | Reached skill level 1 in Staves
 14085 | D:9      | Found a runed door.
 14178 | D:9      | Found a runed door.
 14899 | D:9      | Reached XP level 12. HP: 68/68 MP: 25/25
 14999 | D:10     | Entered Level 10 of the Dungeon
 15126 | D:10     | Found Qeopneho's Jewellery Shop.
 15199 | D:10     | Found a staircase to the Orcish Mines.
 15209 | D:10     | Found a roughly hewn altar of Beogh.
 15210 | D:10     | Reached ***** piety under Sif Muna
 15979 | D:10     | Received a gift from Sif Muna
 16091 | D:10     | Found Zofoq's Assorted Antiques.
 16092 | D:10     | Found Ruixta Locs's General Store.
 16334 | Lair:1   | Entered Level 1 of the Lair of Beasts
 17578 | Lair:2   | Noticed Urug
 17590 | Lair:2   | Killed Urug
 18364 | Lair:2   | Noticed Harold
 18407 | Lair:2   | Killed Harold
 18619 | Lair:2   | Reached skill level 5 in Evocations
 19022 | Lair:2   | Reached skill level 10 in Spellcasting
 19022 | Lair:2   | Reached skill level 10 in Conjurations
 19350 | Lair:2   | Reached skill level 10 in Ice Magic
 20231 | Lair:3   | Reached XP level 13. HP: 74/74 MP: 18/27
 20563 | Lair:3   | Identified Wenuawk's Grimoire of Blistering Transformation
                  | (Sif Muna gifted it to you on level 3 of the Lair of
                  | Beasts)
 20563 | Lair:3   | Received a gift from Sif Muna
 22505 | Lair:4   | Noticed a catoblepas
 22547 | Lair:4   | Killed a catoblepas
 23124 | Lair:4   | Got an ichor-stained chain mail
 23670 | Lair:4   | Found a hole to the Spider Nest.
 23767 | Lair:4   | Found a staircase to the Shoals.
 24113 | Lair:5   | Noticed Fannar
 24421 | Lair:5   | Killed Fannar
 24436 | Lair:5   | Identified the +4 chain mail "Ifrok" {rPois Str+5} (You
                  | found it on level 4 of the Lair of Beasts)
 24773 | Lair:5   | Noticed Rupert
 25074 | D:11     | Reached skill level 1 in Shields
 25531 | D:11     | Reached XP level 14. HP: 80/80 MP: 12/29
 25569 | D:11     | Found a stormy altar of Qazlal.
 25901 | D:12     | Noticed Frances
 26372 | D:12     | Identified Sif Muna's Disquisition on Glacial Arcane
                  | Weapons (Sif Muna gifted it to you on level 12 of the
                  | Dungeon)
 26372 | D:12     | Received a gift from Sif Muna
 26634 | D:12     | Learned a level 4 spell: Sticky Flame
 27803 | D:5      | Bought the +0 mask of the Dragon {MR+ Slay+3 SInv} for 501
                  | gold pieces
 27803 | D:5      | Found the +0 mask of the Dragon {MR+ Slay+3 SInv}
 28096 | Lair:5   | HP: 3/80 [Rupert/triple sword of slicing (23)]
 28096 | Lair:5   | Slain by Rupert

Skill      XL: |  1  2  3  4  5  6  7  8  9 10 11 12 13 14 |
---------------+-------------------------------------------+-----
Stealth        | 3 4 5 7 8 9 |  9.0
Fighting       | 1 2 3 4 5 6 |  6.0
Spellcasting   | 3 4 5 7 9 10 11 | 11.6
Short Blades   | 1 2 4 6 |  6.0
Armour         | 1 |  1.0
Ice Magic      | 4 5 6 9 10 11 | 11.3
Dodging        | 3 4 5 7 9 |  9.6
Conjurations   | 2 3 4 8 9 10 11 | 11.5
Evocations     | 1 3 5 6 |  6.0
Summonings     | 1 |  1.0
Staves         | 1 |  1.0
Shields        | 1 2 |  2.2

Action                   |  1- 3 |  4- 6 |  7- 9 | 10-12 | 13-15 || total
-------------------------+-------+-------+-------+-------+-------++-------
Melee: Unarmed           |    16 |       |       |       |       ||    16
       Dagger            |    15 |    55 |    24 |   270 |   197 ||   561
       Short sword       |       |    62 |   414 |       |       ||   476
       Whip              |       |       |    19 |       |       ||    19
       Quarterstaff      |       |       |       |    86 |     5 ||    91
       Long sword        |       |       |       |       |    16 ||    16
 Cast: Freeze            |    34 |    83 |    74 |    58 |    12 ||   261
       Magic Dart        |       |     2 |     9 |       |     5 ||    16
       Throw Icicle      |       |       |    34 |   129 |   166 ||   329
       Conjure Flame     |       |       |     1 |       |       ||     1
       Summon Ice Beast  |       |       |       |    23 |     5 ||    28
       Mephitic Cloud    |       |       |       |    11 |    17 ||    28
       Blink             |       |       |       |     1 |     1 ||     2
       Sticky Flame      |       |       |       |       |     1 ||     1
Evoke: Wand              |       |       |     3 |    10 |       ||    13
       Fan of gales      |       |       |       |       |     1 ||     1
  Use: Scroll            |       |    10 |     8 |     9 |     3 ||    30
       Potion            |       |     2 |    13 |     6 |       ||    21
 Stab: Sleeping          |       |     3 |     4 |     9 |    14 ||    30
       Invisible         |       |       |     4 |       |       ||     4
       Distracted        |       |       |     3 |       |     1 ||     4
       Confused          |       |       |       |     7 |    10 ||    17
  Eat: Chunk             |    11 |    11 |    19 |    42 |    21 ||   104
Armor: Robe              |     9 |    15 |    95 |    51 |    28 ||   198
       Skin              |       |    43 |     1 |    18 |       ||    62
Dodge: Dodged            |    42 |   110 |   334 |   384 |   220 ||  1090
       Rpst.: Long sword |       |       |       |       |     4 ||     4
